 Dungeon Crawl Stone Soup version 0.30-a0-800-g7c544603b3 (webtiles) character file.

Game seed: 14728032532832461561

14 cforsyth the Sneak (level 2, 0/18 HPs)
             Began as a Kobold Brigand on Feb 23, 2023.
             Slain by a kobold
             ... wielding a +0 dagger
              (2 damage)
             ... on level 2 of the Dungeon.
             The game lasted 00:00:34 (1089 turns).

cforsyth the Sneak (Kobold Brigand)                 Turns: 1089, Time: 00:00:35

Health: 0/18       AC:  3    Str:  8    XL:     2   Next: 60%
Magic:  2/2        EV: 14    Int: 12    God:
Gold:   73         SH:  0    Dex: 16    Spells: 1/1 levels left

rFire   . . .      SeeInvis .    a - +2 dagger
rCold   . . .      Faith    .    (no shield)
rNeg    . . .      Spirit   .    b - +0 robe
rPois   .          Reflect  .    (no helmet)
rElec   .          Harm     .    c - +0 cloak
rCorr   .          Rampage  .    (no gloves)
Will    .....                    (no boots)
Stlth   ++++                     (no amulet)
HPRegen 0.23/turn                (no ring)
MPRegen 0.08/turn                (no ring)

@: no status effects
A: small, no large weapons, nightstalker 3
a: no special abilities


You were on level 2 of the Dungeon.
You visited 1 branch of the dungeon, and saw 2 of its levels.

You collected 73 gold pieces.

Inventory:

Hand Weapons
 a - a +2 dagger (weapon)
Missiles
 d - 9 poisoned darts (quivered)
 e - 3 curare-tipped darts
Armour
 b - a +0 robe (worn)
 c - a +0 cloak (worn)
Scrolls
 f - 2 scrolls of enchant armour {unknown}
 g - a scroll of teleportation {unknown}
 i - a scroll of fear {unknown}
 k - 2 scrolls of identify {unknown}
Potions
 h - a potion of berserk rage {unknown}
 j - a potion of haste {unknown}
 l - a potion of invisibility {unknown}


   Skills:
 + Level 2.5 Fighting
 + Level 3.1 Short Blades
 - Level 2.1 Throwing
 + Level 1.7 Dodging
 + Level 5.5 Stealth


You had one spell level left.
You didn't know any spells.
Your spell library was empty.

Dungeon Overview and Level Annotations

Branches:
Dungeon (2/15)

Altars:


Innate Abilities, Weirdness & Mutations

You are small and have problems with some larger weapons.
You are completely attuned to the shadows.


Message History

The kobold is severely wounded.
You hit the kobold.
You kill the kobold!
A kobold comes into view. It is wielding a +0 dagger.
The kobold misses you.
You hit the kobold.
You kill the kobold!
The kobold throws a stone.
The stone hits you. The kobold closely misses you.
You closely miss the kobold. The kobold barely misses you.
The kobold misses you.
You hit the kobold.
The kobold is severely wounded.
The kobold misses you.
The kobold hits you with a +0 short sword.
The kobold hits you with a +0 whip.
You are too injured to fight recklessly!
You are too injured to fight recklessly!
You are too injured to fight recklessly!
You are too injured to fight recklessly!
You are too injured to fight recklessly!
You are too injured to fight recklessly!
You are too injured to fight recklessly!
You are too injured to fight recklessly!
You are too injured to fight recklessly!
You are too injured to fight recklessly!
You barely miss the kobold.
The kobold is severely wounded.
The kobold closely misses you. The kobold hits you with a +0 dagger.
The kobold hits you but does no damage. The kobold closely misses you.
You closely miss the kobold.
The kobold is severely wounded.
The kobold closely misses you. The kobold hits you with a +0 dagger.
* * * LOW HITPOINT WARNING * * *
The kobold closely misses you. x2
You hit the kobold.
You kill the kobold!
The kobold hits you with a +0 whip.
* * * LOW HITPOINT WARNING * * *
The kobold hits you with a +0 dagger.
You die...

.#.#.......#.#
.>.....#.....#
...###...#####
............)
......#.......
......#....... ###
.....[####.#.### #...
......# #.#.#.##K...
......####.#...'@K...
#####..........')K...
######..##.'.....
##.##.##.... #.####
#... #..


You could see 3 kobolds.

Vanquished Creatures
  3 ball pythons
  An endoplasm (D:2)
  A giant cockroach (D:2)
  2 hobgoblins (D:1)
  2 frilled lizards (D:1)
  4 kobolds
  2 rats
15 creatures vanquished.

Vanquished Creatures (others)
  8 plants (D:2)
8 creatures vanquished.

Grand Total: 23 creatures vanquished

Notes
Turn   | Place    | Note
-------+----------+-------------------------------------------
     0 | D:1      | cforsyth the Kobold Brigand began the quest for the Orb.
     0 | D:1      | Reached XP level 1. HP: 12/12 MP: 1/1
   656 | D:1      | Reached XP level 2. HP: 18/18 MP: 2/2
  1089 | D:2      | Slain by a kobold

Illustrated notes

Levels and vault maps discovered:
D:1:      amcnicky_arrival_choice, layout_basic
D:2:      cheibrodos_fertilizer, layout_basic, minmay_lizard_king, uniq_jessica

Skill      XL: |  1 |
---------------+----+-----
Short Blades   | 3 |  3.1
Fighting       | |  2.5
Throwing       | |  2.1
Dodging        | |  1.7
Stealth        | |  5.5

Action                     || total
---------------------------++-------
  Melee: Dagger            ||    32
         Punch             ||     1
   Stab: Sleeping          ||     9
 Armour: Robe              ||     6
  Dodge: Dodged            ||    20

Table legend: (Time is in decaauts)
 A = Elapsed time spent in this place.
 B = Non-inter-level travel time spent in this place.
 C = Inter-level travel time spent in this place.
 D = Time resting spent in this place.
 E = Time spent auto-exploring this place.
 F = Levels seen in this place.
 G = Mean time per level.
                   A        B        C        D        E       F      G
               +--------+--------+--------+--------+--------+-----+--------+
         Total |   1084 |   1069 |     15 |      0 |    988 |   2 |  542.0 |
       Dungeon |   1084 |   1069 |     15 |      0 |    988 |   2 |  542.0 |
               +--------+--------+--------+--------+--------+-----+--------+

Top non-repeatable levels by time:
     D:1: 982 daAuts
     D:2: 101 daAuts
